 Dungeon Crawl Stone Soup version 0.20-a0-269-g17f5411 (webtiles) character file.

424 FitzyFitz the Insei (level 6, -4/38 HPs)
             Began as an Octopode Transmuter on Dec 8, 2016.
             Was an Initiate of Fedhas.
             Slain by a phantom (10 damage)
             ... on level 4 of the Dungeon.
             The game lasted 00:09:06 (4023 turns).

FitzyFitz the Insei (Octopode Transmuter)           Turns: 4023, Time: 00:09:07

Health: -4/38      AC:  1    Str:  9    XL:     6   Next: 96%
Magic:  6/9        EV: 13    Int: 17    God:    Fedhas [......]
Gold:   197        SH:  0    Dex: 13    Spells: 3/9 levels left

rFire  . . .     SeeInvis .       - Unarmed
rCold  . . .     Gourm    .     (no shield)
rNeg   . . .     Faith    .     (helmet restricted)
rPois  .         Spirit   .     (no amulet)
rElec  .         Reflect  .     (no ring)
rCorr  .         Harm     .     (no ring)
MR     .....                    (no ring)
Stlth  ++........               (no ring)
                                (no ring)
                                (no ring)
                                (no ring)
                                (no ring)

@: no status effects
A: almost no armour, stealthy swim, amphibious, 8 rings, constrict 8, camouflage
1, gelatinous body 1
a: Fungal Bloom, Renounce Religion


You were on level 4 of the Dungeon.
You worshipped Fedhas.
Fedhas was noncommittal.
You were not hungry.

You visited 1 branch of the dungeon, and saw 4 of its levels.

You collected 197 gold pieces.

Inventory:

Hand Weapons
 e - a +0 hunting sling
 k - a +0 scythe
Missiles
 a - 7 arrows
 d - 123 stones
 f - 21 poisoned needles
 p - 3 tomahawks (quivered)
Wands
 h - a wand of lightning (0/15)
Scrolls
 i - a scroll of immolation {unknown}
 j - a scroll of enchant armour
 m - a scroll of teleportation {unknown}
 n - a scroll of remove curse {unknown}
 q - 2 scrolls of enchant weapon {unknown}
 r - a scroll of fog {unknown}
Potions
 g - a potion of berserk rage {unknown}
 l - a potion of degeneration {unknown}
Books
 b - a book of Changes

   Spells                             Type                      Level
   a - Beastly Appendage              Transmutation                1
   b - Sticks to Snakes               Transmutation                2
   c - Spider Form                    Transmutation/Poison         3
   d - Ice Form                       Ice/Transmutation            4
   e - Blade Hands                    Transmutation                5
 s - a book of Minor Magic

   Spells                             Type                      Level
   a - Magic Dart                     Conjuration                  1
   b - Blink                          Translocation                2
   c - Call Imp                       Summoning                    2
   d - Repel Missiles                 Charms/Air                   2
   e - Slow                           Hexes                        2
   f - Conjure Flame                  Conjuration/Fire             3
   g - Mephitic Cloud                 Conjuration/Poison/Air       3
Comestibles
 c - 2 bread rations


   Skills:
 - Level 1.0 Fighting
 - Level 2.0 Dodging
 + Level 5.7 Unarmed Combat
 - Level 2.0 Spellcasting
 + Level 5.2 Transmutations


You had 3 spell levels left.
You knew the following spells:

 Your Spells              Type           Power        Failure   Level  Hunger
a - Beastly Appendage     Tmut           ###...       2%          1    #......
b - Sticks to Snakes      Tmut           ###.....     3%          2    ###....
c - Spider Form           Tmut/Pois      ##........   21%         3    ###....


Dungeon Overview and Level Annotations

Branches:
Dungeon (4/15)
 Temple: D:4-7

Altars:
Fedhas


Innate Abilities, Weirdness & Mutations

You cannot wear most types of armour.
You are very stealthy in the water. (Stealth+)
You are amphibious.
You can wear up to eight rings at the same time.
You can use your tentacles to constrict eight enemies at once.
Your skin changes colour to match your surroundings (Stealth+).
Your rubbery body absorbs attacks. (AC +1, EV +1)


Message History

Your ball python closely misses the phantom.
Something closely misses your ball python.
Your ball python closely misses the phantom.
The phantom blinks!
Your ball python misses the phantom.
Your ball python withers and dies!
You miss the phantom. Your squeeze misses the phantom.
The phantom is moderately damaged.
The phantom closely misses you.
You tentacle-slap the phantom. x2; You squeeze the phantom.
The phantom is heavily damaged.
The phantom closely misses you.
You tentacle-slap the phantom. Your squeeze misses the phantom.
The phantom is severely damaged.
The phantom closely misses you.
You tentacle-slap the phantom.
The phantom is severely damaged.
The phantom hits you!
You die...
Fedhas appreciates your contribution to the ecosystem.

#...........#
#######.#########.#
#........# #.######
#.#####.## #.##.)).
#.# ###
######.##.### #.#
#.......).# ##.#
#.####.####
###..######## #[#
#........W@.# #.#
#.#.#######.....#
#.# ###.#.# ######
#.# #.....# #.#
#.###.# ..# ... #.#
### #.# ... ..#


You could see a phantom.

Vanquished Creatures
  Sigmund (D:2)
  The ghost of Rassilon the Stinger, an amateur OpVM (D:3)
  A centaur skeleton (D:4)
  3 adders (D:2)
  An ooze (D:2)
  A worm (D:2)
  2 dart slugs (D:3)
  5 leopard geckos
  5 orcs (D:4)
  2 ball pythons
  7 bats
  3 giant cockroaches
  6 goblins
  8 hobgoblins
  11 jackals
  9 kobolds
  A quokka (D:3)
  2 frilled lizards
  6 rats
75 creatures vanquished.

Notes
Turn   | Place    | Note
-------+----------+-------------------------------------------
     0 | D:1      | FitzyFitz the Octopode Transmuter began the quest for the Orb.
     0 | D:1      | Reached XP level 1. HP: 13/13 MP: 3/3
   374 | D:1      | Reached XP level 2. HP: 16/18 MP: 3/5
   942 | D:1      | Reached XP level 3. HP: 21/23 MP: 4/6
  1766 | D:2      | Reached XP level 4. HP: 28/28 MP: 5/7
  1778 | D:2      | Learned a level 2 spell: Sticks to Snakes
  1782 | D:2      | Learned a level 3 spell: Spider Form
  1977 | D:2      | Noticed Sigmund
  2069 | D:2      | Killed Sigmund
  2069 | D:2      | Reached skill level 5 in Unarmed Combat
  2069 | D:2      | Reached XP level 5. HP: 11/33 MP: 8/8
  2069 | D:2      | Reached XP level 6. HP: 12/38 MP: 9/9
  2604 | D:3      | Noticed Rassilon's ghost (amateur OpVM)
  3123 | D:3      | Killed Rassilon's ghost
  3123 | D:3      | Reached skill level 5 in Transmutations
  3409 | D:3      | You fall through a shaft!
  3566 | D:3      | Found a blossoming altar of Fedhas.
  3574 | D:3      | Became a worshipper of Fedhas Madash
  3948 | D:4      | Noticed a phantom
  4023 | D:4      | Slain by a phantom

Vault maps used:
D:1:      dpeg_arrival_solitude, minmay_misc_feat_rows
D:2:      minivault_25, uniq_sigmund
D:3:      tso_oasis_becter, nicolae_overflow_hidden_temple
D:4:      elyvilon_altar_3

Skill      XL: |  1  2  3  4  5  6 |
---------------+-------------------+-----
Transmutations | 3 4 5 |  5.2
Unarmed Combat | 4 5 |  5.7
Fighting       | |  1.0
Dodging        | |  2.0
Spellcasting   | |  2.0

Action                   |  1- 3 |  4- 6 || total
-------------------------+-------+-------++-------
Melee: Unarmed           |    86 |   112 ||   198
       Constrict         |    23 |    26 ||    49
       Kick              |    14 |     5 ||    19
       Tentacles         |    18 |    19 ||    37
       Punch             |       |     4 ||     4
 Cast: Beastly Appendage |    13 |     2 ||    15
       Sticks to Snakes  |       |     5 ||     5
Evoke: Wand              |       |     7 ||     7
  Use: Scroll            |       |     3 ||     3
       Potion            |       |     2 ||     2
 Stab: Distracted        |     3 |       ||     3
       Sleeping          |     4 |     6 ||    10
  Eat: Chunk             |     3 |     2 ||     5
       Meat ration       |       |     1 ||     1
Armor: Skin              |     9 |     7 ||    16
Dodge: Dodged            |    53 |    76 ||   129
